Zazza, neutral female human Tourist ------- ----- #....... |...| #|{....| #|...| ------ #|<..... #|...| ##.....| #------- #|...| # |..@j-# ## ## #%[...#(#)# ----j. # # -------- ###----- # # ##########.......| # ### # # # |......)#### #### ##.......| -----## -------- |...-## |..>|# |...-# ----- Zazza the Sightseer Experience level: 3 Strength: 18 Dexterity: 12 Constitution: 12 Intelligence: 17 Wisdom: 7 Charisma: 14 Health: 0(31) Energy: 11(11) Def: 5 Gold: 1163 Moves: 2142 Dungeon seed: bVOwOIPON25YWEXF Game ID: Zazza_1581103873 Your Inventory: Coins $ - 1163 gold pieces Weapons a - 40 +2 darts (in quiver) o - a +1 orcish dagger x - a +0 sling C - a +0 elven dagger (weapon in hand) D - a +0 dagger E - a +0 short sword F - a +0 orcish dagger G - 2 cursed +0 darts H - a blessed +1 elven dagger I - a cursed -1 crossbow J - a +0 scimitar O - a +0 bow P - a cursed +1 bow Q - a cursed +0 crossbow R - 10 cursed +0 crossbow bolts S - a cursed +0 orcish spear T - a blessed +1 orcish spear U - 9 cursed +2 darts V - 3 cursed +0 knives W - a blessed +1 knife X - a cursed +0 sling Armor e - an uncursed +0 Hawaiian shirt (being worn) f - an uncursed +0 orcish helm g - a cursed +0 orcish helm h - a cursed +0 orcish helm i - an uncursed +0 orcish shield n - an uncursed +0 orcish helm (being worn) q - an uncursed +0 ring mail (being worn) r - a cursed +0 orcish helm u - a cursed +0 studded leather armor y - an uncursed +0 pair of jumping boots (being worn) K - an uncursed +0 orcish helm L - an uncursed +0 orcish helm M - an uncursed +0 orcish helm Z - an uncursed +0 Hawaiian shirt Comestibles b - 3 uncursed food rations c - 3 uncursed eggs d - 2 uncursed tripe rations A - a cursed tin of kobold meat Scrolls j - an uncursed scroll of magic mapping k - a blessed scroll of magic mapping v - an uncursed scroll of punishment Potions s - an uncursed potion of speed Rings B - a cursed ring of aggravate monster Wands w - a wand of magic missile (0:3) Tools l - an expensive camera (0:79) m - an uncursed credit card p - a magic marker (0:45) t - an uncursed oil lamp (lit) (0:35) Gems z - an uncursed worthless piece of violet glass N - an uncursed worthless piece of orange glass Y - an uncursed worthless piece of white glass Spells and supernatural/magical abilities: Name Level Category Fail Memory W - pray for help -- divine ? -- Y - supernatural jump -- ability ? -- Your skills at the end: Fighting Skills Weapon Skills dagger [Basic] dart [Basic] Spellcasting Skills Final Attributes: You were piously aligned. You were telepathic. You could jump. You were unlucky. The Lady was angry with you. You are dead. Vanquished creatures: a dust vortex a snake a shrieker a gray ooze a floating eye a werejackal an iguana an acid blob 3 coyotes 4 hobbits a gecko 7 jackals a fox 3 goblins a sewer rat a grid bug a bat 3 lichens 2 kobold zombies 3 newts 38 creatures vanquished. Voluntary challenges: You used a wielded weapon 47 times, starting on turn 182. You read items or engraved 6 times, starting on turn 118. You never genocided any monsters. You never polymorphed an object. You changed form 1 time, starting on turn 1949. You used no wishes. You never split a pudding. You wrote Elbereth's name 4 times, starting on turn 1043. You never violated your personal moral code. Dungeon overview: The Dungeons of Doom: levels 1 to 6 Level 1 a long staircase Level 2 a fountain Level 3 an altar to The Lady Level 4 a sink a long staircase Level 5 some fountains Level 6 <- You were here a fountain History has recorded: On T:1 you entered the Dungeons of Doom to retrieve the Amulet of Yendor! On T:455 you reached level 2 of The Dungeons of Doom. On T:823 you reached level 3 of The Dungeons of Doom. On T:1025 you advanced to experience level 2. On T:1194 you reached level 4 of The Dungeons of Doom. On T:1516 you reached level 5 of The Dungeons of Doom. On T:1707 you advanced to experience level 3. On T:1935 you reached level 6 of The Dungeons of Doom. On T:1972 you advanced to experience level 4. Score breakdown: Gold: 365 ( 8720 points) Experience: 3 levels ( 7878 points) Exploration: 6 levels ( 12.24%) ( 9682 points) Discoveries: 2 items ( 0.67%) ( 2457 points) Valuables value: (no points given unless you survive) Artifact value: 0 ( 0 points) Variety of kills: 20 monsters ( 5.25%) ( 6873 points) Turncount: 2142 turns ( -102 points) Survival: died (score multiplied by 80%) Total score: 28406 Latest messages: You hear someone counting money. Your knapsack cannot accommodate any more items. There are many objects here. Your knapsack cannot accommodate any more items. Your lamp flickers considerably. You hear a crunching sound. You miss the blue jelly. You are suddenly very cold! You begin praying to The Lady. The voice of The Lady thunders: "Thou art arrogant, mortal." "Thou must relearn thy lessons!" You feel foolish! Aloha level 4. You hear some noises in the distance. You hit the blue jelly. You are suddenly very cold! You die... Final status: Aloha Zazza the Tourist, killed by a blue jelly... You died in The Dungeons of Doom on dungeon level 6 with 28406 points, and 1163 pieces of gold, after 2142 moves. You were level 3 with a maximum of 31 hit points when you died.